 Dungeon Crawl Stone Soup version 0.27-a0-249-g74f53ef629 (webtiles) character file.

Game seed: 7249561997927890153

11 jasper the Caller (level 2, -1/15 HPs)
             Began as a Deep Elf Summoner on Feb 3, 2021.
             Shot with an arrow by a centaur (16 damage)
             ... on level 2 of the Dungeon.
             The game lasted 00:02:07 (1582 turns).

jasper the Caller (Deep Elf Summoner)               Turns: 1582, Time: 00:02:07

Health: -1/15      AC:  2    Str:  5    XL:     2   Next: 17%
Magic:  2/8        EV: 13    Int: 19    God:
Gold:   89         SH:  0    Dex: 15    Spells: 5/8 levels left

rFire    . . .     SeeInvis .   (no weapon)
rCold    . . .     Faith    .   (no shield)
rNeg     . . .     Spirit   .   a - +0 robe
rPois    .         Reflect  .   (no helmet)
rElec    .         Harm     .   (no cloak)
rCorr    .         Rampage  .   (no gloves)
Will     .....                  (no boots)
Stlth    ++........             (no amulet)
HPRegen  0.05/turn              (no ring)
MPRegen  0.11/turn              (no ring)

@: no status effects
A: no striking features
a: no special abilities


You were on level 2 of the Dungeon.
You visited 1 branch of the dungeon, and saw 2 of its levels.

You collected 89 gold pieces.

Inventory:

Missiles
 g - 5 javelins
Armour
 a - a +0 robe (worn)
Scrolls
 b - 7 scrolls of identify {unknown}
 c - 3 scrolls of remove curse {unknown}
 d - a scroll of magic mapping {unknown}
 e - a scroll of random uselessness {unknown}
 h - 2 scrolls of noise {unknown}
Potions
 f - a potion of might {unknown}


   Skills:
 - Level 2.4 Dodging
 - Level 2.4 Stealth
 + Level 3.5 Spellcasting
 + Level 4.7 Summonings


You had 5 spell levels left.
You knew the following spells:

 Your Spells              Type           Power        Failure   Level
a - Summon Small Mammal   Summ           84%          1%          1
b - Call Imp              Summ           21%          3%          2

Your spell library contained the following spells:

 Spells                   Type           Power        Failure   Level
 Call Canine Familiar     Summ           21%          6%          3
 Summon Guardian Golem    Hex/Summ       12%          16%         3
 Summon Ice Beast         Ice/Summ       12%          47%         4
 Summon Lightning Spire   Summ/Air       12%          47%         4


Dungeon Overview and Level Annotations

Branches:
Dungeon (2/15)

Altars:


Message History

Press: ? - help, Q - select action, (/) - cycle Dir - look around, f - activate A beastly little devil appears in a puff of frigid air.
You now have 4/8 mp.
Casting: Call Imp (safe; 3% risk of failure)
Press: ? - help, Q - select action, (/) - cycle Dir - look around, f - activate A beastly little devil appears in a puff of flame.
Your crimson imp says, "Let's sow havoc!"
The frilled lizard bites your crimson imp but does no damage.
Your crimson imp closely misses the frilled lizard.
You now have 2/8 mp.
The frilled lizard closely misses your crimson imp.
Your crimson imp closely misses the frilled lizard.
Your white imp gestures at the frilled lizard.
The puff of frost hits the frilled lizard.
The frilled lizard dies!
Your crimson imp hits the centaur.
Your crimson imp hits the centaur but does no damage.
The centaur shoots an arrow.
The arrow hits you!
Ouch! That really hurt!
You die...

#...##..##...##.#5....###.#####.#
#...##..##............#.........#
#....####...####..........#######
..#..## #..## #..).......#
.#....# ... #.###......# ..##..#
..##!##.# ####...# .#5..##
.....55.# #...#
.#..)####.....c†5# #...#
.#..##..##... ##@# #...#
)#..##..##..# #.#
##.##....##.####.######.
.#.##....##...5.........
.#.#......#...#.........
.#.#.....5#....)#.......
.#......#.......#######.
.#...............###
..#######.#........#


You could see a centaur, 2 friendly crimson imps and a friendly white imp
(summoned).

Vanquished Creatures (collateral kills)
  An ooze (D:1)
  A giant cockroach (D:1)
  4 goblins
  2 hobgoblins
  2 kobolds (D:1)
  A frilled lizard (D:2)
  3 rats
14 creatures vanquished.

Notes
Turn   | Place    | Note
-------+----------+-------------------------------------------
     0 | D:1      | jasper the Deep Elf Summoner began the quest for the Orb.
     0 | D:1      | Reached XP level 1. HP: 10/10 MP: 6/6
   666 | D:1      | Reached XP level 2. HP: 15/15 MP: 3/8
   669 | D:1      | Learned a level 2 spell: Call Imp
  1576 | D:2      | Noticed a centaur
  1582 | D:2      | Shot with an arrow by a centaur

Illustrated notes

Levels and vault maps discovered:
D:1:      dpeg_arrival_round_c, layout_loops_cross
D:2:      layout_loops_cross, gammafunk_temple_of_torment, minmay_misc_feat_x

Action                   || total
-------------------------++-------
 Cast: Summon Small Mamm ||    26
       Call Imp          ||    13
Armor: Robe              ||     2
Dodge: Dodged            ||    10

Table legend: (Time is in decaauts)
 A = Elapsed time spent in this place.
 B = Non-inter-level travel time spent in this place.
 C = Inter-level travel time spent in this place.
 D = Time resting spent in this place.
 E = Time spent auto-exploring this place.
 F = Levels seen in this place.
 G = Mean time per level.
                   A        B        C        D        E       F      G
               +--------+--------+--------+--------+--------+-----+--------+
         Total |   1582 |   1493 |     89 |    285 |   1050 |   2 |  791.0 |
       Dungeon |   1582 |   1493 |     89 |    285 |   1050 |   2 |  791.0 |
               +--------+--------+--------+--------+--------+-----+--------+

Top non-repeatable levels by time:
     D:1: 1315 daAuts
     D:2: 267 daAuts
